 Dungeon Crawl Stone Soup version 0.29.1-2-gbd0b4ee654 (webtiles) character file.

Game seed: 6532586993188164290

39 Sabo the Trooper (level 3, -1/29 HPs)
             Began as a Demonspawn Berserker on Oct 26, 2022.
             Was a Believer of Trog.
             Slain by a gnoll
             ... wielding a +0 halberd
              (12 damage)
             ... on level 2 of the Dungeon.
             The game lasted 00:13:10 (2458 turns).

Sabo the Trooper (Demonspawn Berserker)             Turns: 2458, Time: 00:13:11

Health: -1/29      AC:  5    Str: 19    XL:     3   Next: 26%
Magic:  3/3        EV: 11    Int:  8    God:    Trog [**....]
Gold:   92         SH:  0    Dex: 12    Spells: 2/2 levels left

rFire   . . .      SeeInvis +   e - +0 quarterstaff
rCold   . . .      Faith    .   (shield currently unavailable)
rNeg    . . .      Spirit   .   d - +0 ring mail
rPois   .          Reflect  .   (no helmet)
rElec   .          Harm     .   (no cloak)
rCorr   .          Rampage  .   (no gloves)
Will    .....                   (no boots)
Stlth   +.........              (no amulet)
HPRegen 0.09/turn               j - ring of see invisible
MPRegen 0.08/turn               (no ring)

@: no status effects
A: weakness stinger 1
a: Renounce Religion, Berserk, Trog's Hand


You were on level 2 of the Dungeon.
You worshipped Trog.
Trog was pleased with you.
You visited 1 branch of the dungeon, and saw 2 of its levels.

You collected 92 gold pieces.

Inventory:

Hand Weapons
 a - a +0 hand axe
 e - a +0 quarterstaff (weapon)
Missiles
 k - 2 boomerangs (quivered)
Armour
 d - a +0 ring mail (worn)
Jewellery
 j - a ring of see invisible (left hand)
Scrolls
 b - a scroll of immolation {unknown}
 f - 2 scrolls of fear
 g - a scroll of teleportation {unknown}
 h - a scroll of brand weapon {unknown}
Potions
 c - 3 potions of curing
 i - a potion of resistance {unknown}
 l - a potion of attraction {unknown}


   Skills:
 + Level 3.4 Fighting
 + Level 3.2 Axes
 + Level 1.1 Staves
 + Level 1.9 Armour
 + Level 1.8 Dodging


You had 2 spell levels left.
You didn't know any spells.
Your spell library was empty.

Dungeon Overview and Level Annotations

Branches:
Dungeon (2/15)

Altars:
Xom

Shops:
D:2 *


Innate Abilities, Weirdness & Mutations

You have a small tail.


Message History

You see here a ring of wizardry.
You open the door.
A hobgoblin comes into view.
The hobgoblin shouts!
There is an open door here. 2 gnolls come into view.
Found a stone staircase leading up.
The gnoll shouts! x2; You hear a shout!
A gnoll comes into view. It is wielding a +1 flail of draining.
The gnoll moves out of view.
A gnoll comes into view. It is wielding a +0 halberd.
A hobgoblin comes into view.
Found 9 gold pieces.
The hobgoblin shouts!
The hobgoblin hits you.
You closely miss the hobgoblin. The hobgoblin closely misses you.
The hobgoblin misses you. The hobgoblin attacks as you move away!
The hobgoblin barely misses you.
There is an open door here.
The hobgoblin attacks as you move away!
The hobgoblin hits you but does no damage.
The hobgoblin attacks as you move away! The hobgoblin hits you.
You sock the hobgoblin!
You kill the hobgoblin!
Trog accepts your kill.
You can now call upon Trog for regeneration and willpower.
The gnoll hits you with a +0 club.
You barely miss the gnoll. The gnoll barely misses you.
You hit the gnoll.
The gnoll is moderately wounded.
The gnoll barely misses you. x2
You closely miss the gnoll.
The gnoll is moderately wounded.
The gnoll barely misses you. The gnoll misses you.
The gnoll hits you from afar with a +0 halberd!
The gnoll completely misses you.
You barely miss the gnoll.
The gnoll is moderately wounded.
The gnoll hits you from afar with a +0 halberd!
You die...

#.# #.# #.# #.#
########## #.#
.........# #.#
.........# #.#
........g######.##
$......ggg@......#
........g#########
.........#
.........#
#####....< #######


You could see 4 gnolls and a hobgoblin.

Vanquished Creatures
  A worm (D:2)
  A dart slug (D:1)
  3 bats
  2 endoplasms
  A giant cockroach (D:2)
  4 goblins
  3 hobgoblins (D:2)
  2 quokkas (D:2)
  7 ball pythons
  2 frilled lizards (D:2)
  2 kobolds (D:2)
  3 rats
  A spectral goblin (D:2)
32 creatures vanquished.

Notes
Turn   | Place    | Note
-------+----------+-------------------------------------------
     0 | D:1      | Sabo the Demonspawn Berserker began the quest for the Orb.
     0 | D:1      | Reached XP level 1. HP: 18/18 MP: 1/1
   289 | D:1      | Gained mutation: You have a small tail. [demonic ancestry]
   289 | D:1      | Reached XP level 2. HP: 22/24 MP: 2/2
  1384 | D:2      | Found Pem Vij's Assorted Antiques.
  1800 | D:2      | Reached XP level 3. HP: 29/29 MP: 3/3
  1842 | D:2      | Reached skill level 1 in Staves
  2344 | D:2      | Found a faded altar of an unknown god.
  2388 | D:2      | Found a shimmering altar of Xom.
  2453 | D:2      | Reached ** piety under Trog
  2458 | D:2      | Slain by a gnoll

Illustrated notes

Levels and vault maps discovered:
D:1:      tarquinn_simple_flora_water_e, layout_loops_ring,
          chequers_serial_rivers_small_a, minmay_shallow_snake_nest
D:2:      layout_basic, basic_altar, dreamdust_ecumenical_altar_drowned_temple,
          serial_shops, shop

Skill      XL: |  1  2  3 |
---------------+----------+-----
Axes           | 3 |  3.2
Staves         | 1 |  1.1
Fighting       | |  3.4
Armour         | |  1.9
Dodging        | |  1.8

Action                   || total
-------------------------++-------
Melee: Hand axe          ||    16
       Quarterstaff      ||    63
       Tailslap          ||     3
  Use: Scroll            ||     4
Armor: Animal skin       ||    11
       Ring mail         ||    11
Dodge: Dodged            ||    58
